AoeStats
← John Mayer

Arena

509197373Analyzed
2v2 RM · 8d ago on Sep 25, 2026· 45m 58s· 4 players
Game mode
Random Map
Map size
Medium (4 player)
Population
200
Speed
Normal
Resources
Standard
Victory
Conquest
Starting age
Dark Age
Ending age
Imperial Age
RankedLock teamsTeams togetherTeam positionsShared explorationLock speedFull tech treeHidden civsTurbo modeCheats
Victory
Defeat
🇹🇷 Huns · Türkiye
1025
+17
🇨🇱 Italians · Chile
999
+18
🇩🇪 Vietnamese · Germany
1066
-18
🇩🇪 Persians · Germany
1036
-17
mustajjj
10:29 Feudal Age
11:30 Double-Bit Axe
12:28 Horse Collar
19:35 Castle Age
17:23 Loom
17:38 Gold Mining
19:03 Wheelbarrow
21:06 Bow Saw
20:59 Heavy Plow
23:03 Gold Shaft Mining
22:19 Stone Mining
27:18 Hand Cart
26:48 Town Watch
31:05 Imperial Age
30:47 Bloodlines
30:38 Husbandry
30:51 Forging
30:46 Scale Barding Armor
30:41 Scale Mail Armor
30:32 Fletching
30:43 Padded Archer Armor
31:01 Masonry
30:46 Murder Holes
31:12 Ballistics
30:24 Man-at-Arms
30:25 Pikeman
31:06 Squires
30:51 Arson
32:28 Iron Casting
32:13 Chain Barding Armor
31:18 Long Swordsman
31:19 Halberdier
31:24 Light Cavalry
32:08 Marauders
32:29 Conscription
33:00 Chain Mail Armor
33:00 Leather Archer Armor
32:40 Bodkin Arrow
32:36 Two-Handed Swordsman
32:41 Elite Skirmisher
33:01 Elite Tarkan
35:37 Blast Furnace
35:12 Plate Barding Armor
35:56 Two-Man Saw
35:57 Plate Barding Armor
36:25 Bracer
37:33 Chemistry
[PVS] Manu_X
11:01 Feudal Age
14:56 Castle Age
13:15 Double-Bit Axe
15:00 Horse Collar
15:39 Loom
16:32 Wheelbarrow
24:23 Bow Saw
26:21 Heavy Plow
30:07 Imperial Age
28:02 Ballistics
28:09 Fletching
28:20 Padded Archer Armor
28:19 Town Watch
28:40 Pikeman
29:22 Squires
29:44 Fortified Wall
29:41 Bodkin Arrow
29:54 Gold Mining
32:07 Chemistry
31:50 Conscription
33:08 Two-Man Saw
33:44 Hoardings
33:49 Crop Rotation
32:47 Elite Genoese Crossbowman
33:39 Stone Mining
35:02 Bracer
35:52 Leather Archer Armor
37:56 Ring Archer Armor
39:59 Scale Mail Armor
40:49 Arson
41:21 Chain Mail Armor
42:57 Stone Shaft Mining
43:59 Masonry
45:15 Plate Mail Armor
44:56 Forging
John Mayer
11:14 Feudal Age
12:18 Double-Bit Axe
12:21 Horse Collar
14:53 Castle Age
12:59 Gold Mining
18:10 Loom
18:11 Town Watch
23:08 Bow Saw
24:28 Wheelbarrow
24:56 Heavy Plow
28:40 Bloodlines
31:27 Imperial Age
31:36 Ballistics
31:19 Kamandaran
31:37 Scale Barding Armor
31:43 Forging
31:50 Fletching
32:01 Padded Archer Armor
33:14 Chemistry
31:44 Crossbowman
33:15 Thumb Ring
33:58 Conscription
34:49 Bodkin Arrow
35:10 Leather Archer Armor
35:16 Chain Barding Armor
37:09 Iron Casting
37:21 Husbandry
37:52 Ring Archer Armor
36:58 Cavalier
38:18 Savar
39:48 Plate Barding Armor
40:14 Blast Furnace
40:51 Savar
striker6000
12:39 Feudal Age
16:30 Castle Age
14:42 Double-Bit Axe
14:38 Horse Collar
16:17 Loom
17:42 Bow Saw
24:33 Wheelbarrow
24:03 Heavy Plow
24:14 Town Watch
25:12 Fortified Wall
25:34 Hand Cart
26:17 Town Patrol
29:30 Imperial Age
27:32 Ballistics
27:13 Padded Archer Armor
27:08 Fletching
27:30 Scale Barding Armor
28:18 Scale Barding Armor
28:09 Fletching
28:19 Padded Archer Armor
29:58 Bodkin Arrow
30:19 Leather Archer Armor
31:22 Chemistry
30:28 Siege Engineers
30:37 Masonry
31:06 Bracer
31:39 Town Patrol
32:12 Ring Archer Armor
31:43 Murder Holes
31:49 Elite Skirmisher
32:35 Thumb Ring
32:37 Scale Mail Armor
32:49 Forging
33:27 Paper Money
33:00 Imperial Skirmisher
33:11 Elite Rattan Archer
34:47 Chain Mail Armor
35:50 Hoardings
39:09 Plate Mail Armor
38:01 Pikeman
38:42 Squires
38:28 Arson
38:44 Halberdier
42:39 Husbandry
42:49 Bloodlines
42:00 Light Cavalry
42:47 Scale Barding Armor
43:17 Iron Casting
Connection lost

Rejoining the realm…

Still unreachable

The connection could not be restored.

Session expired

The server has moved on; the page needs a fresh start.